 Dungeon Crawl Stone Soup version 0.21.1-1-g345015f (webtiles) character file.

267 dv1997 the Stinger (level 6, -4/42 HPs)
             Began as a Merfolk Venom Mage on June 30, 2018.
             Slain by an iguana (5 damage)
             ... on level 3 of the Dungeon.
             The game lasted 00:37:52 (4209 turns).

dv1997 the Stinger (Merfolk Venom Mage)             Turns: 4209, Time: 00:37:52

Health: -4/42      AC:  5    Str:  8    XL:     6   Next: 21%
Magic:  8/10       EV: 13    Int: 17    God:
Gold:   163        SH:  0    Dex: 14    Spells: 5/11 levels left

rFire    . . .     SeeInvis .   y - +0 trident
rCold    . . .     Gourm    .   (no shield)
rNeg     . . .     Faith    .   e - +2 leather armour
rPois    +         Spirit   .   (no helmet)
rElec    .         Reflect  .   (no cloak)
rCorr    .         Harm     .   (no gloves)
MR       .....                  (no boots)
Stlth    ++........             (no amulet)
HPRegen  0.14/turn              i - ring of poison resistance
MPRegen  0.12/turn              (no ring)

@: no status effects
A: change form in water, swift swim, stealthy swim
a: no special abilities


You were on level 3 of the Dungeon.
You were not hungry.

You visited 1 branch of the dungeon, and saw 4 of its levels.

You collected 163 gold pieces.

Inventory:

Hand Weapons
 d - a +0 whip
 k - a +0 mace
 t - a +0 war axe
 y - a +0 trident (weapon)
Missiles
 g - 36 arrows
 h - 89 bolts
Armour
 a - a +1 robe
 e - a +2 leather armour (worn)
 n - a +0 ring mail of poison resistance
 q - a +0 robe
 s - a +1 helmet
 u - a +0 animal skin
 v - a +0 helmet
Jewellery
 i - a ring of poison resistance (left hand)
 w - an uncursed ring of protection from fire {unknown}
Scrolls
 j - 2 scrolls of noise
 l - 3 scrolls of blinking
Potions
 m - a potion of haste {unknown}
 o - a potion of flight {unknown}
 p - a potion of degeneration
 r - a potion of brilliance
 x - a potion of lignification
Books
 b - a Young Poisoner's Handbook

   Spells                             Type                      Level
   a - Sting                          Conjuration/Poison           1
   b - Poisonous Vapours              Poison/Air                   2
   c - Mephitic Cloud                 Conjuration/Poison/Air       3
   d - Olgreb's Toxic Radiance        Poison                       4
   e - Venom Bolt                     Conjuration/Poison           5
 f - a book of Minor Magic

   Spells                             Type                      Level
   a - Magic Dart                     Conjuration                  1
   b - Blink                          Translocation                2
   c - Call Imp                       Summoning                    2
   d - Slow                           Hexes                        2
   e - Conjure Flame                  Conjuration/Fire             3
   f - Mephitic Cloud                 Conjuration/Poison/Air       3
Comestibles
 c - 2 rations


   Skills:
 + Level 0.8 Fighting
 - Level 1.4 Maces & Flails
 + Level 1.3 Armour
 + Level 3.9 Dodging
 + Level 2.5 Stealth
 + Level 3.1 Spellcasting
 + Level 1.4 Conjurations
 + Level 4.6 Poison Magic


You had 5 spell levels left.
You knew the following spells:

 Your Spells              Type           Power        Failure   Level  Hunger
a - Sting                 Conj/Pois      ##..         7%          1    None
b - Magic Dart            Conj           #...         14%         1    None
c - Slow                  Hex            #.......     36%         2    ##.....
d - Blink                 Tloc           N/A          36%         2    ##.....


Dungeon Overview and Level Annotations

Branches:
Dungeon (4/15)
 Temple: D:4-7

Altars:


Message History

You hit the iguana.
The iguana is heavily wounded.
The iguana barely misses you.
You hit the iguana but do no damage.
The iguana is heavily wounded.
The iguana looks more healthy.
The iguana bites you!
* * * LOW HITPOINT WARNING * * *
The iguana closely misses you.
You completely miss the iguana.
The iguana is heavily wounded.
The iguana barely misses you.
You hit the iguana.
The iguana is heavily wounded.
The iguana closely misses you.
You barely miss the iguana.
The iguana is heavily wounded.
The iguana bites you!
* * * LOW HITPOINT WARNING * * *
The iguana bites you.
You die...

#.# #.#.##.#)###.# #.#
#.# #.........##.# ##<#
#### #.#
#.#.##.#..##.###..# #...
#.# #...##.#..........#
#.##
#.######..............##
##.##
#...........#########.#
#.... ########.#### #.#
#..## #.############.#
#..# #......l@†....)#
#..# ##############.#
#..# #.# #<.# #.# #..#
#.# #..# #.######..#
#...))....# #########.#
#.#


You could see an iguana.

Vanquished Creatures
  An orc priest (D:3)
  An orc wizard (D:3)
  A worker ant (D:3)
  Robin (D:3)
  8 adders
  A worm (D:2)
  A dart slug (D:1)
  2 leopard geckos
  8 orcs
  7 giant cockroaches
  16 goblins
  12 hobgoblins
  4 jackals
  3 kobolds (D:1)
  A quokka (D:3)
  10 bats
  5 frilled lizards
  3 rats (D:1)
85 creatures vanquished.

Notes
Turn   | Place    | Note
-------+----------+-------------------------------------------
     0 | D:1      | dv1997 the Merfolk Venom Mage began the quest for the Orb.
     0 | D:1      | Reached XP level 1. HP: 13/13 MP: 3/3
    98 | D:1      | Reached XP level 2. HP: 4/19 MP: 0/5
   593 | D:1      | Reached XP level 3. HP: 24/24 MP: 3/6
   594 | D:1      | Reached skill level 4 in Poison Magic
   949 | D:1      | Reached skill level 1 in Conjurations
  1069 | D:2      | Learned a level 1 spell: Magic Dart
  1079 | D:2      | Learned a level 2 spell: Slow
  1381 | D:2      | Reached XP level 4. HP: 12/30 MP: 5/7
  2720 | D:3      | Noticed Robin
  2732 | D:3      | Reached XP level 5. HP: 25/35 MP: 3/9
  2739 | D:3      | Killed Robin
  2832 | D:3      | Found a glowing drain.
  3161 | D:3      | Reached skill level 1 in Maces & Flails
  3423 | D:3      | Reached skill level 1 in Armour
  3635 | D:3      | Reached XP level 6. HP: 42/42 MP: 6/10
  3775 | D:3      | Learned a level 2 spell: Blink
  4209 | D:3      | HP: 1/42 [iguana (8)]
  4209 | D:3      | Slain by an iguana

Skill      XL: |  1  2  3  4  5 |
---------------+----------------+-----
Dodging        | 3 |  3.9
Poison Magic   | 4 |  4.6
Conjurations   | 1 |  1.4
Spellcasting   | 3 |  3.1
Maces & Flails | 1 |  1.4
Armour         | 1 |  1.3
Fighting       | |  0.8
Stealth        | |  2.5

Action                   |  1- 3 |  4- 6 || total
-------------------------+-------+-------++-------
Melee: Whip              |    40 |   132 ||   172
       Unarmed           |     3 |       ||     3
       Tailslap          |       |     1 ||     1
       Trident           |       |    12 ||    12
 Cast: Sting             |    58 |    79 ||   137
       Magic Dart        |       |    12 ||    12
       Blink             |       |     1 ||     1
  Use: Scroll            |     5 |     3 ||     8
       Potion            |     3 |       ||     3
  Eat: Ration            |     1 |     3 ||     4
       Chunk             |     1 |     1 ||     2
Armor: Robe              |    10 |       ||    10
       Leather armour    |     3 |    51 ||    54
Dodge: Dodged            |    52 |   116 ||   168
